 Dungeon Crawl Stone Soup version 0.27.1-2-g3b301248ec (webtiles) character file.

Game seed: 8053643454872520357

7044 pkoi the Grappler (level 10, -3/91 HPs)
             Began as a Troll Monk on Sept 27, 2021.
             Was a High Priest of Nemelex Xobeh.
             Slain by a boulder beetle (12 damage)
             ... on level 12 of the Dungeon.
             The game lasted 00:13:14 (8356 turns).

pkoi the Grappler (Troll Monk)                      Turns: 8356, Time: 00:13:15

Health: -3/91      AC: 10    Str: 24    XL:     10   Next: 83%
Magic:  15/15      EV: 11    Int:  6    God:    Nemelex Xobeh [*****.]
Gold:   527        SH:  0    Dex: 12    Spells: 9/9 levels left

rFire    . . .     SeeInvis .     - Unarmed
rCold    . . .     Faith    +   (no shield)
rNeg     . . .     Spirit   .   w - +1 troll leather armour
rPois    +         Reflect  .   (helmet restricted)
rElec    .         Harm     .   y - +2 cloak
rCorr    .         Rampage  .   (gloves unavailable)
Will     .....                  (boots unavailable)
Stlth    +.........             m - amulet of faith
HPRegen  2.25/turn              i - ring of poison resistance
MPRegen  0.14/turn              (no ring)

@: no status effects
A: large, unfitting armour, claws 3, regeneration 1, shaggy fur 1, tough skin 1
a: Renounce Religion, Draw Escape, Draw Destruction, Draw Summoning, Triple
Draw, Deal Four, Stack Five


You were on level 12 of the Dungeon.
You worshipped Nemelex Xobeh.
Nemelex Xobeh was extremely pleased with you.
You visited 2 branches of the dungeon, and saw 12 of its levels.
You also visited: Sewer.

You collected 527 gold pieces.

Inventory:

Missiles
 e - 35 poisoned darts (quivered)
 z - 5 boomerangs
Armour
 w - a +1 troll leather armour (worn)
 y - a +2 cloak (worn)
Jewellery
 c - an amulet of regeneration
 i - a ring of poison resistance (left claw)
 j - a +4 ring of slaying
 m - an amulet of faith (around neck)
Wands
 a - a wand of iceblast (7)
 g - a wand of flame (66)
 k - a wand of digging (8)
 l - a wand of acid (11)
 q - a wand of polymorph (15)
 u - a wand of charming (12)
Scrolls
 f - 5 scrolls of teleportation
 o - 6 scrolls of magic mapping
 r - 2 scrolls of enchant armour
 t - a scroll of identify
 x - a scroll of amnesia {unknown}
 B - a scroll of fog
Potions
 b - a potion of magic
 d - 6 potions of flight
 h - a potion of invisibility
 n - 4 potions of heal wounds
 p - 6 potions of curing
 s - a potion of might
 v - a potion of cancellation


   Skills:
 - Level 3.2 Fighting
 - Level 1.3 Armour
 + Level 6.3 Dodging
 - Level 1.0 Stealth
 * Level 10.7 Unarmed Combat
 * Level 8.5 Invocations
 - Level 3.5 Evocations


You had 9 spell levels left.
You didn't know any spells.
Your spell library contained the following spells:

 Spells                   Type           Power      Damage    Failure   Level
 Animate Skeleton         Necr           0%         N/A       50%         1
 Apportation              Tloc           0%         N/A       50%         1
 Corona                   Hex            0%         N/A       50%         1
 Sandblast                Erth           0%         2d4       50%         1
 Summon Small Mammal      Summ           0%         N/A       50%         1
 Passwall                 Tmut/Erth      0%         N/A       65%         2
 Lee's Rapid Deconstruct  Erth           0%         3d5*      100%        5


Dungeon Overview and Level Annotations

Branches:
Dungeon (10/15)            Temple (1/1) D:5            Lair (0/6) D:9
  Sewer (visited)
    Orc: D:9-12

Altars:
Ashenzari
Cheibriados
Dithmenos
Elyvilon
Fedhas
Gozag
Hepliaklqana
Kikubaaqudgha
Makhleb
Nemelex Xobeh
Okawaru
Qazlal
Ru
Sif Muna
Trog
Uskayaw
Vehumet
Wu Jian
Xom
Yredelemnul
Zin
The Shining One

Shops:
D:3 (   D:7 (   D:8 =   D:10 (***(

Portals:
Abyss: D:6

Annotations:
D:6 2 transporters, fortune76's ghost, novice TrMo


Innate Abilities, Weirdness & Mutations

You are too large for most types of armour.
You have claws for hands.
Your natural rate of healing is unusually fast.
You are covered in fur. (AC +1)
You have tough skin. (AC +1)


Message History

Found a stone staircase leading up.
You draw a card...
You have drawn Wild Magic.
The boulder beetle is blasted with air!
Waves of light ripple over the gargoyle's body.
You feel a surge of magic.
You draw a card...
You have drawn Pain.
Press: ? - help, Shift-Dir - straight line, f - boulder beetle
Aim: a boulder beetle (lightly wounded)
The bolt of negative energy hits the boulder beetle!
The boulder beetle is drained!
The boulder beetle is moderately wounded.
Unknown command.
The boulder beetle leaps!
The gargoyle hurls a stone arrow at you.
The stone arrow misses you. The boulder beetle barely misses you.
The gargoyle hurls a stone arrow at you.
The stone arrow hits you!!
You scratch the boulder beetle.
The boulder beetle is moderately wounded.
The boulder beetle leaps!
The boulder beetle curls into a ball and begins rolling!
The boulder beetle hits you!!!
* * * LOW HITPOINT WARNING * * *
The boulder beetle stops rolling and uncurls.
You mangle the boulder beetle!!
You claw the boulder beetle, but do no damage.
The boulder beetle is severely wounded.
The boulder beetle barely misses you.
You scratch the boulder beetle but do no damage.
You claw the boulder beetle!
The boulder beetle is severely wounded.
The gargoyle hurls a stone arrow at you.
The stone arrow hits you!!
* * * LOW HITPOINT WARNING * * *
The boulder beetle waves its antennae.
The boulder beetle bites you!
You die...
Your body glows with a rainbow of weird colours and disappears.

#.....# #.....#
#.....# #.....# ..
#.<...+ ....
#.....######....
#..B............
#####..@9..........
...................
...............#
...............#
+###+##........#
... #........# ...
#..#####.# ... #..#
#.######.# #..#
#......#.#


You could see a boulder beetle (drained) and a gargoyle.

Vanquished Creatures
  A two-headed ogre (D:6)
  A troll (D:5)
  A hornet (D:7)
  Grinder (D:4)
  A shadow (D:10)
  A wyvern (D:9)
  A steam dragon (D:9)
  Menkaure (D:4)
  Edmund (D:4)
  2 water moccasins
  3 ice beasts
  An orc warrior (D:8)
  2 necrophages
  2 swamp drakes
  2 black bears
  2 ogres
  3 centaurs (D:8)
  A tengu (D:7)
  A wolf (D:9)
  2 kobold brigands (D:10)
  A gnoll sergeant (D:9)
  4 scorpions
  9 killer bees (D:9)
  A water moccasin skeleton (D:5)
  24 wights
  4 howler monkeys
  5 centaur zombies
  A jelly (D:4)
  5 hounds
  Crazy Yiuf (D:5)
  An orc priest (D:6)
  A bullfrog skeleton (D:5)
  2 centaur skeletons (D:7)
  A gnoll shaman (D:6)
  Ijyb (D:3)
  3 iguanas
  5 orc wizards
  A merfolk avatar (Sewer)
  A merfolk siren (Sewer)
  13 adders
  9 gnolls
  A howler monkey skeleton (D:6)
  3 shadow imps
  2 white imps (D:7)
  2 adder skeletons (D:4)
  6 worms
  2 dart slugs
  20 orcs
  9 bats
  10 endoplasms
  9 giant cockroaches
  11 goblins
  7 hobgoblins
  20 kobolds
  7 quokkas
  14 ball pythons
  8 frilled lizards
  32 rats
286 creatures vanquished.

Vanquished Creatures (others)
  A plant (D:3)
  8 withered plants (D:4)
9 creatures vanquished.

Grand Total: 295 creatures vanquished

Notes
Turn   | Place    | Note
-------+----------+-------------------------------------------
     0 | D:1      | pkoi the Troll Monk began the quest for the Orb.
     0 | D:1      | Reached XP level 1. HP: 22/22 MP: 0/0
   143 | D:1      | Reached XP level 2. HP: 26/29 MP: 1/1
   260 | D:1      | Reached skill level 4 in Unarmed Combat
   260 | D:1      | Reached XP level 3. HP: 36/36 MP: 2/2
   767 | D:2      | Reached XP level 4. HP: 40/44 MP: 3/3
   790 | D:2      | Found a faded altar of an unknown god.
  1303 | D:3      | Found a glowing drain.
  1316 | D:3      | Reached skill level 1 in Armour
  1325 | Sewer    | Entered a sewer
  1402 | Sewer    | Reached XP level 5. HP: 52/52 MP: 4/4
  1478 | Sewer    | Reached skill level 5 in Unarmed Combat
  1686 | D:3      | Found a shimmering altar of Xom.
  1728 | D:3      | Found a blossoming altar of Fedhas.
  1932 | D:3      | Noticed Sigmund
  1971 | D:3      | Found a sparkling altar of Nemelex Xobeh.
  1978 | D:3      | Found an ornate altar of the Wu Jian Council.
  1985 | D:3      | Became a worshipper of Nemelex Xobeh the Trickster
  1985 | D:3      | Reached * piety under Nemelex Xobeh
  1985 | D:3      | Received a gift from Nemelex Xobeh
  1985 | D:3      | Received a gift from Nemelex Xobeh
  1985 | D:3      | Reached ** piety under Nemelex Xobeh
  2064 | D:3      | Found Gili's Antique Weapon Shop.
  2131 | D:3      | Noticed Ijyb
  2142 | D:3      | Killed Ijyb
  2143 | D:3      | Reached XP level 6. HP: 61/61 MP: 5/5
  2186 | D:3      | Found an iron altar of Okawaru.
  2278 | D:3      | Noticed Sigmund
  2278 | D:3      | Sigmund changed into Sigmund the hound
  2286 | D:3      | Killed Sigmund the hound
  2326 | D:3      | Reached skill level 1 in Invocations
  2541 | D:4      | Noticed Menkaure
  2558 | D:4      | Killed Menkaure
  2576 | D:4      | Reached XP level 7. HP: 67/67 MP: 7/7
  2629 | D:4      | Found a hazy altar of Hepliaklqana.
  2666 | D:4      | Reached skill level 6 in Unarmed Combat
  2710 | D:4      | Noticed Grinder
  2714 | D:4      | Paralysed by Grinder for 4 turns
  2721 | D:4      | Killed Grinder
  2722 | D:4      | Reached skill level 1 in Evocations
  2723 | D:4      | Noticed Edmund
  2733 | D:4      | Killed Edmund
  2760 | D:4      | Found a hide-covered altar of Uskayaw.
  2904 | D:4      | Received a gift from Nemelex Xobeh
  2906 | D:4      | Found an ancient bone altar of Kikubaaqudgha.
  3080 | D:5      | Entered Level 5 of the Dungeon
  3084 | D:5      | Reached XP level 8. HP: 75/75 MP: 9/9
  3241 | D:5      | Found a staircase to the Ecumenical Temple.
  3303 | Temple   | Entered the Ecumenical Temple
  3550 | D:5      | Found a snail-covered altar of Cheibriados.
  3622 | D:5      | Reached skill level 7 in Unarmed Combat
  3667 | D:5      | Noticed a troll
  3670 | D:5      | Killed a troll
  3707 | D:5      | Found a white marble altar of Elyvilon.
  3742 | D:5      | Found a runed translucent door.
  3743 | D:5      | Noticed Crazy Yiuf
  3749 | D:5      | Killed Crazy Yiuf
  4030 | D:5      | Found a glowing silver altar of Zin.
  4470 | D:6      | Received a gift from Nemelex Xobeh
  4484 | D:6      | Found a transporter.
  4495 | D:6      | Reached *** piety under Nemelex Xobeh
  4606 | D:6      | Noticed a two-headed ogre
  4616 | D:6      | Killed a two-headed ogre
  4617 | D:6      | Reached skill level 8 in Unarmed Combat
  4617 | D:6      | Reached skill level 5 in Invocations
  4617 | D:6      | Reached XP level 9. HP: 60/83 MP: 10/12
  4663 | D:6      | Reached skill level 5 in Dodging
  5041 | D:6      | Found a transporter.
  5077 | D:6      | Received a gift from Nemelex Xobeh
  5171 | D:6      | Found a one-way gate to the infinite horrors of the Abyss.
  5171 | D:6      | Noticed fortune76's ghost (novice TrMo)
  5171 | D:6      | Noticed a toenail golem
  5510 | D:7      | Paralysed by a hornet for 1 turns
  5516 | D:7      | Reached skill level 9 in Unarmed Combat
  5840 | D:7      | Reached **** piety under Nemelex Xobeh
  5910 | D:7      | Reached XP level 10. HP: 91/91 MP: 14/14
  5928 | D:7      | Found Qeotaew's Antique Weapon Emporium.
  6024 | D:7      | Received a gift from Nemelex Xobeh
  6560 | D:8      | Received a gift from Nemelex Xobeh
  6630 | D:8      | Identified the +5 whip "Itoaluc" {vorpal, Stlth+}
  6793 | D:8      | Found Ocrunomi's Jewellery Emporium.
  7211 | D:9      | Reached skill level 10 in Unarmed Combat
  7230 | D:9      | Found a staircase to the Lair.
  7412 | D:9      | Reached ***** piety under Nemelex Xobeh
  7717 | D:9      | Received a gift from Nemelex Xobeh
  7886 | D:10     | Entered Level 10 of the Dungeon
  7925 | D:10     | Found Ginerr's Assorted Antiques.
  8105 | D:10     | Found Sitaj's Assorted Antiques.
  8167 | D:10     | Received a gift from Nemelex Xobeh
  8170 | D:10     | Found Vobluj's Antique Weapon Boutique.
  8263 | D:10     | Found Koimethroire's General Store.
  8300 | D:10     | Found Adwanluc's Antique Weapon Shoppe.
  8305 | D:10     | You fall into a shaft and drop 2 floors!
  8343 | D:12     | Noticed a boulder beetle
  8344 | D:12     | Noticed a gargoyle
  8356 | D:12     | Slain by a boulder beetle

Illustrated notes

Levels and vault maps discovered:
D:1:      minmay_arrival_stone_box, layout_loops_ring
D:2:      layout_loops_ring, ebering_ecumenical_altar_hall, minmay_pentomino_s2
D:3:      minmay_chambers_of_threes, layout_rooms, okawaru_altar_gauntlet_db,
          pdpol_wu_jian_five_deadly_venoms, old_standard_altar, fedhas_altar_1,
          nemelex_diamond_rough_becter, serial_shops, shop,
          gup_sewer_entry_glass, uniq_sigmund, uniq_ijyb
D:4:      layout_rooms, mainiacjoe_overflow_catwalk, kennysheep_mini_moat,
          kiku_gazebo_garden_becter, minmay_misc_feat_tower, dk_noncrumbling_4,
          uniq_edmund, uniq_grinder, uniq_menkaure
D:5:      layout_basic, nicolae_elyvilon_peaceful_grove,
          mainiacjoe_overflow_swirl, minmay_temple_entry_gardened_gates,
          uniq_crazy_yiuf_cottage
D:6:      layout_basic, gammafunk_ghost_abyssal_escape
D:7:      layout_cave_pods, serial_shops, nicolae_square_shop, minmay_bent
D:8:      layout_basic, serial_shops, nicolae_lakefront_shop, serial_glass,
          glass_columns_b, glass_columns_c, feat_on_display, feat_on_display,
          due_unseen_surprise, feat_on_display, minivault_23,
          grunt_ministairs_10, kennysheep_generic_room_15
D:9:      layout_basic, lair_entry_dummy
D:10:     layout_roguey, serial_shops, shop, shop, shop,
          nicolae_shop_window_shopping, nicolae_shop_crystal,
          kennysheep_generic_room_10
D:12:     layout_irregular_city, billiards_dpeg
Temple:   grunt_temple_mini_profane

Skill      XL: |  1  2  3  4  5  6  7  8  9 10 |
---------------+-------------------------------+-----
Unarmed Combat | 4 5 6 8 9 10 | 10.7
Armour         | 1 |  1.3
Fighting       | 3 |  3.2
Dodging        | 3 4 5 6 |  6.3
Invocations    | 1 3 5 6 8 |  8.5
Evocations     | 1 3 |  3.5
Stealth        | |  1.0

Action                   |  1- 3 |  4- 6 |  7- 9 | 10-12 || total
-------------------------+-------+-------+-------+-------++-------
Melee: Unarmed           |    96 |   215 |   229 |   263 ||   803
       Punch             |       |     3 |     8 |    13 ||    24
Invok: Draw Destruction  |       |     7 |     7 |     4 ||    18
  Use: Scroll            |       |     2 |     8 |     3 ||    13
       Potion            |       |     2 |       |     7 ||     9
 Stab: Sleeping          |     4 |     3 |       |       ||     7
       Distracted        |     1 |       |       |       ||     1
       Confused          |       |       |       |     2 ||     2
       Invisible         |       |       |       |     1 ||     1
Armor: Robe              |    14 |    70 |    19 |       ||   103
       Skin              |       |       |     1 |       ||     1
       Troll leather arm |       |       |   102 |    73 ||   175
Dodge: Dodged            |    44 |   100 |   133 |   146 ||   423
